 Dungeon Crawl Stone Soup version 0.31-a0-40-g1d5085d191 (webtiles) character file.

Game seed: 13357739610883851806

7698 mandoloar the Severer (level 11, -3/156 HPs)
             Began as a Hill Orc Fighter on May 17, 2023.
             Was a Believer of the Shining One.
             Slain by an orc warrior
             ... wielding a +0 trident
              (6 damage)
             ... on level 9 of the Dungeon.
             The game lasted 00:30:12 (12868 turns).

mandoloar the Severer (Hill Orc Fighter)           Turns: 12868, Time: 00:30:12

Health: -3/156     AC: 25    Str: 24    XL:     11   Next: 19%
Magic:  11/13      EV:  2    Int:  8    God:    the Shining One [**....]
Gold:   1155       SH: 12    Dex: 10    Spells: 10/10 levels left

rFire   . . .        a - +3 war axe (heavy)
rCold   . . .        l - +0 buckler
rNeg    + . .        H - melded +0 plate armour
rPois   +            y - melded +1 helmet
rElec   .            v - melded +0 cloak
rCorr   .            m - melded +0 pair of gloves
SInv    +            (boots currently unavailable)
Will    .....        (no amulet)
Stlth   +            n - ring of see invisible
HPRegen 0.46/turn    (no ring)
MPRegen 0.13/turn

%: no passive effects
@: mighty, divinely shielded, tree-form, glowing
A: stationary, stasis, torment immunity, boosted hp
a: Renounce Religion, Divine Shield


You were on level 9 of the Dungeon.
You worshipped the Shining One.
The Shining One was pleased with you.
You were a tree.
You visited 2 branches of the dungeon, and saw 10 of its levels.
You also visited: Bailey.

You collected 1457 gold pieces.
You spent 302 gold pieces at shops.

Inventory:

Hand Weapons
 a - a +3 heavy war axe (weapon)
 b - a +0 morningstar
 c - a +0 broad axe
Missiles
 j - 14 boomerangs
 k - 33 poisoned darts (quivered)
 C - 8 datura-tipped darts
 D - 9 curare-tipped darts
Armour
 l - a +0 buckler (worn)
 m - a +0 pair of gloves (melded)
 v - a +0 cloak (melded)
 y - a +1 helmet (melded)
 z - a +0 tower shield
 H - a +0 plate armour (melded)
Jewellery
 n - a ring of see invisible (left branch)
Wands
 t - a wand of iceblast (13)
Scrolls
 e - a scroll of poison
 f - 7 scrolls of teleportation
 i - 5 scrolls of identify
 o - 3 scrolls of enchant weapon
 p - a scroll of vulnerability
 u - 2 scrolls of blinking
 w - a scroll of silence
 x - 4 scrolls of amnesia
 E - a scroll of magic mapping
Potions
 d - a potion of might
 h - 7 potions of curing
 q - a potion of berserk rage
 r - 2 potions of magic
 A - 3 potions of ambrosia
 B - a potion of attraction
 F - a potion of brilliance {unknown}
 G - a potion of heal wounds {unknown}


   Skills:
 + Level 11.7 Fighting
 + Level 17.2 Axes
 + Level 4.3 Armour
 + Level 4.3 Shields
 + Level 3.1 Invocations


You had 10 spell levels left.
You didn't know any spells.
Your spell library contained the following spells:

 Spells                   Type           Power      Damage    Failure   Level
 Magic Dart               Conj           0%         1d3       45%         1
 Summon Small Mammal      Summ           0%         N/A       45%         1
 Call Imp                 Summ           0%         N/A       61%         2
 Cigotuvi's Dreadful Rot  Necr/Pois/Air  0%         N/A       61%         2
 Call Canine Familiar     Summ           0%         N/A       83%         3
 Mephitic Cloud           Conj/Pois/Air  0%         N/A       83%         3
 Summon Guardian Golem    Hex/Summ       0%         N/A       83%         3
 Dispel Undead            Necr           0%         3d6       99%         4
 Death Channel            Necr           0%         N/A       100%        6


Dungeon Overview and Level Annotations

Branches:
Dungeon (9/15)             Temple (1/1) D:6             Orc (0/2) D:9
 Bailey (visited)
   Lair: D:8-11

Altars:
Ashenzari
Cheibriados
Dithmenos
Elyvilon
Fedhas
Gozag
Hepliaklqana
Kikubaaqudgha
Nemelex Xobeh
Okawaru
Qazlal
Ru
Sif Muna
Trog
Uskayaw
Vehumet
Wu Jian
Xom
Yredelemnul
Zin
The Shining One
Beogh

Shops:
D:3 *   D:4 (

Annotations:
D:3 3 runed translucent doors, hgbash's ghost, weakling DEEE
D:4 3 runed translucent doors, MrSquiggles's ghost, amateur DjFE
D:9 2 runed translucent doors, BlasphemerAmon's ghost, novice OpGl


Message History

The orc warrior hits you from afar with a +0 trident!
* * * LOW HITPOINT WARNING * * *
You dice the two-headed ogre like an onion!!!
The two-headed ogre is almost dead.
The orc warrior hits you from afar with a +0 trident!
* * * LOW HITPOINT WARNING * * *
Really quaff the potion of lignification?
You turn into a tree.
Your +0 cloak melds into your body.
Your +1 helmet melds into your body.
Your +0 pair of gloves melds into your body.
Your +0 plate armour melds into your body.
Your roots penetrate the ground.
The two-headed ogre hits you with a +0 giant spiked club.
* * * LOW HITPOINT WARNING * * *
The two-headed ogre hits you but does no damage.
The orc warrior hits you but does no damage.
You feel very mighty all of a sudden.
The two-headed ogre hits you with a +0 giant spiked club!
* * * LOW HITPOINT WARNING * * *
The two-headed ogre hits you with a +0 giant club!
* * * LOW HITPOINT WARNING * * *
The orc warrior hits you but does no damage.
You slice the two-headed ogre!!
You kill the two-headed ogre!
The orc warrior hits you but does no damage.
Your Invocations skill increases to level 3!
You slash the orc!
You kill the orc!
The orc warrior hits you but does no damage.
You slice the orc!!
You kill the orc!
The orc warrior hits you but does no damage.
Okay, then.
Your shield is strengthened by the Shining One's divine power.
You block the orc warrior's attack.
Okay, then.
As you read the scroll of identify, it crumbles to dust.
B - a potion of attraction The orc warrior hits you from afar with a +0 trident.
You die...

###.#.# #.#...#.† # #..
#.#.#.# #.#.###.# .#. #..
#.#.#.# #.#.###.# ...##..
#.#.#.# #....##.. .......
#.#.#.###....#### .......
#...#.#......# .......
###...####...#
.......####.....##...#
$.....o)♣.......#########
.#####.####.....# #.....
#. ###.....####'#### #.
..#.............# ##
#...............#
#..............#
##....)######### ###'#.#
##### #...####.....


You could see an orc warrior.

Vanquished Creatures
  A two-headed ogre (D:9)
  Amaemon (D:7)
  An orc knight (Bailey)
  An orange demon (D:8)
  Joseph (D:9)
  Maggie (D:8)
  A troll (D:9)
  Grinder (D:3)
  2 wyverns (D:9)
  2 water moccasins (D:8)
  11 orc warriors
  A sky beast (D:7)
  An ice beast (D:8)
  A black bear (D:6)
  An ogre (D:5)
  7 kobold brigands
  2 gnoll sergeants
  3 bullfrogs
  3 scorpions
  7 wights
  8 killer bees
  A howler monkey (D:6)
  12 orc priests
  3 hounds
  5 iguanas
  9 orc wizards
  Natasha (thrice) (D:2)
  21 gnolls
  2 adders
  2 shadow imps (D:7)
  A white imp (D:6)
  2 ufetubi
  A worm (D:2)
  2 dart slugs
  42 orcs
  3 ball pythons
  8 endoplasms
  2 giant cockroaches
  2 goblins
  4 hobgoblins
  13 jackals
  A quokka (D:4)
  4 bats
  A frilled lizard (D:3)
  18 kobolds
  4 rats
223 creatures vanquished.

Notes
Turn   | Place    | Note
-------+----------+-------------------------------------------
     0 | D:1      | mandoloar the Hill Orc Fighter began the quest for the Orb.
     0 | D:1      | Reached XP level 1. HP: 19/19 MP: 1/1
   134 | D:1      | You fall into a shaft and drop 1 floor!
   232 | D:2      | Reached skill level 3 in Axes
   317 | D:1      | Reached XP level 2. HP: 17/27 MP: 2/2
   996 | D:1      | Reached XP level 3. HP: 34/34 MP: 3/3
  1708 | D:2      | Reached skill level 4 in Axes
  1719 | D:2      | Reached XP level 4. HP: 26/41 MP: 4/4
  1780 | D:2      | Noticed Natasha
  1789 | D:2      | Killed Natasha
  1790 | D:2      | Reached skill level 5 in Fighting
  1853 | D:2      | Noticed Natasha
  1863 | D:2      | Killed Natasha
  1864 | D:2      | Reached skill level 5 in Axes
  1936 | D:2      | Noticed Natasha
  1944 | D:2      | Killed Natasha
  1945 | D:2      | Reached XP level 5. HP: 47/48 MP: 5/5
  1981 | D:2      | Found a faded altar of an unknown god.
  2216 | D:3      | Found Qiuff's General Store.
  2299 | D:3      | Noticed Grinder
  2316 | D:3      | Killed Grinder
  2317 | D:3      | Reached skill level 6 in Axes
  2317 | D:3      | Reached XP level 6. HP: 38/58 MP: 6/6
  3192 | D:3      | Found a runed translucent gate.
  3192 | D:3      | Noticed hgbash's ghost (weakling DEEE)
  3193 | D:3      | Found a runed translucent gate.
  3193 | D:3      | Identified the +4 whip of Blood {pain, rF+ Str+7 Dex-2
                  | SInv}
  3193 | D:3      | Identified the +2 scale mail of the Harp {Will+ Str+3
                  | Int-5}
  3194 | D:3      | Found a runed translucent gate.
  3195 | D:3      | Found a roughly hewn altar of Beogh.
  3416 | D:4      | Found a runed translucent gate.
  3416 | D:4      | Found a runed translucent gate.
  3416 | D:4      | Found a runed translucent gate.
  3418 | D:4      | Noticed MrSquiggles's ghost (amateur DjFE)
  3478 | D:4      | Found Luotytwuh's Weapon Shoppe.
  3534 | D:4      | Reached XP level 7. HP: 64/66 MP: 7/7
  3710 | D:4      | Reached skill level 7 in Axes
  4355 | D:5      | Entered Level 5 of the Dungeon
  4656 | D:5      | Found a shimmering blue altar of Sif Muna.
  4656 | D:5      | Found an opulent altar of Gozag.
  5066 | D:5      | Identified the +0 robe of Hide-and-Seek {Str+3}
  5071 | D:5      | Found a stormy altar of Qazlal.
  5142 | D:5      | Found an ornate altar of the Wu Jian Council.
  5194 | D:5      | Reached skill level 8 in Axes
  5568 | D:5      | Found an ancient bone altar of Kikubaaqudgha.
  5572 | D:5      | Found a sacrificial altar of Ru.
  5711 | D:5      | Reached XP level 8. HP: 60/75 MP: 8/8
  5869 | D:4      | Bought a +3 heavy war axe for 302 gold pieces
  6316 | D:6      | Found a staircase to the Ecumenical Temple.
  6329 | Temple   | Entered the Ecumenical Temple
  6527 | Temple   | Became a worshipper of the Shining One
  6564 | D:6      | Reached skill level 9 in Axes
  7000 | D:6      | Identified the +2 scale mail of Death Resistance {rPois
                  | Will+ MP+9}
  7100 | D:6      | Reached skill level 10 in Axes
  7473 | D:6      | Reached skill level 10 in Fighting
  8179 | D:7      | Reached XP level 9. HP: 83/85 MP: 9/9
  8674 | D:7      | Reached skill level 11 in Axes
  9301 | D:7      | Reached * piety under the Shining One
  9631 | D:8      | Reached skill level 12 in Axes
  9743 | D:8      | Found a flagged portal.
  9752 | Bailey   | Entered a bailey
  9794 | Bailey   | Noticed an orc knight
  9812 | Bailey   | Reached skill level 13 in Axes
  9814 | Bailey   | Killed an orc knight
  9815 | Bailey   | Reached skill level 14 in Axes
  9815 | Bailey   | Reached XP level 10. HP: 30/96 MP: 10/10
 10420 | Bailey   | Found a burning altar of Makhleb.
 10518 | D:8      | Reached skill level 15 in Axes
 10538 | D:8      | Noticed Maggie
 10547 | D:8      | Killed Maggie
 10920 | D:8      | Reached skill level 16 in Axes
 10938 | D:8      | Noticed Amaemon
 10938 | D:8      | Noticed an orange demon
 10938 | D:8      | Reached ** piety under the Shining One
 11172 | D:7      | Killed Amaemon
 11474 | D:8      | Killed an orange demon
 11543 | D:8      | Found a shimmering altar of Xom.
 11739 | D:9      | Found a staircase to the Orcish Mines.
 11739 | D:9      | Found a large runed translucent door.
 11739 | D:9      | Found a large runed translucent door.
 11837 | D:9      | Noticed Joseph
 11844 | D:9      | Killed Joseph
 11845 | D:9      | Reached skill level 1 in Invocations
 12138 | D:9      | Reached skill level 17 in Axes
 12152 | D:9      | Reached XP level 11. HP: 85/102 MP: 12/12
 12795 | D:9      | Noticed BlasphemerAmon's ghost (novice OpGl)
 12852 | D:9      | Noticed a two-headed ogre
 12863 | D:9      | HP: 1/154 [two-headed ogre/+0 giant spiked club (7)]
 12864 | D:9      | Killed a two-headed ogre
 12868 | D:9      | Slain by an orc warrior

Illustrated notes

Levels and vault maps discovered:
D:1:      dpeg_arrival_tiny_g, layout_basic, skrybe_limestone_x
D:2:      layout_basic, basic_ecumenical_altar, due_unseen_surprise,
          uniq_natasha
D:3:      layout_rooms, serial_shops, shop, biasface_ghost_orc_armoury,
          uniq_grinder
D:4:      layout_basic, serial_shops, shop_coins, gammafunk_ghost_split
D:5:      layout_cave_pools, nicolae_wu_jian_wuxing_cycle,
          grunt_temple_overflow_open, mainiacjoe_overflow_catwalk
D:6:      layout_loops_corners, temple_pool_b, hex_medium
D:7:      layout_rooms
D:8:      layout_rooms, old_standard_altar, enter_bailey_6,
          grunt_decor_fettered, uniq_maggie, uniq_amaemon
D:9:      layout_basic, marbit_many_paths, orc_0_dummy,
          ebering_ghost_disaster_area, serial_bayou_pond_b, uniq_joseph
Temple:   nicolae_temple_bog_church

Skill      XL: |  1  2  3  4  5  6  7  8  9 10 11 |
---------------+----------------------------------+-----
Axes           | 3 4 5 6 8 10 14 17 | 17.2
Fighting       | 4 5 6 7 8 10 11 | 11.7
Invocations    | 1 3 |  3.1
Armour         | 4 |  4.3
Shields        | 4 |  4.3

Action                     |  1- 3 |  4- 6 |  7- 9 | 10-12 || total
---------------------------+-------+-------+-------+-------++-------
  Melee: War axe           |    75 |   101 |   260 |    97 ||   533
  Throw: Stone             |       |     1 |       |       ||     1
         Dart              |       |       |    17 |     7 ||    24
 Invoke: Divine Shield     |       |       |       |     1 ||     1
  Evoke: Wand              |       |       |     1 |       ||     1
    Use: Scroll            |       |       |    17 |     1 ||    18
         Potion            |       |       |     2 |     2 ||     4
 Armour: Scale mail        |    39 |    21 |    48 |    25 ||   133
         Ring mail         |       |     9 |    55 |       ||    64
         Skin              |       |       |       |     6 ||     6
         Plate armour      |       |       |       |     2 ||     2
  Dodge: Dodged            |    38 |    35 |   147 |    49 ||   269
  Block: Buckler           |    19 |    18 |    63 |    24 ||   124

Table legend: (Time is in decaauts)
 A = Elapsed time spent in this place.
 B = Non-inter-level travel time spent in this place.
 C = Inter-level travel time spent in this place.
 D = Time resting spent in this place.
 E = Time spent auto-exploring this place.
 F = Levels seen in this place.
 G = Mean time per level.
                   A        B        C        D        E       F      G
               +--------+--------+--------+--------+--------+-----+--------+
         Total |  13069 |  12146 |    923 |   5611 |   4769 |  11 | 1188.1 |
       Dungeon |  12073 |  11174 |    899 |   5085 |   4503 |   9 | 1341.4 |
        Temple |    231 |    207 |     24 |      0 |    159 |   1 |  231.0 |
        Bailey |    763 |    763 |      0 |    526 |    106 |   1 |  763.0 |
               +--------+--------+--------+--------+--------+-----+--------+

Top non-repeatable levels by time:
     D:6: 2118 daAuts
     D:7: 1777 daAuts
     D:4: 1666 daAuts
     D:1: 1381 daAuts
     D:3: 1216 daAuts
     D:9: 1071 daAuts
     D:5: 1018 daAuts
     D:8: 946 daAuts
     D:2: 877 daAuts
  Bailey: 763 daAuts
  Temple: 231 daAuts
